[ AOE2 MATCH · #456962896 ]
UnrankedMuisca vs Tupi
[ REPLAY ANALYSIS · EXTRACTED FROM THE RECORDED GAME ]
Feudal
13:55
Castle
20:02
Imperial
—
| APM avg | 27.3 |
| APM peak | 64 |
| eAPM avg | 15.6 |
| Villagers / military | 44 / 9 |
Focus
⚔️ 42.8% · 🌾 57.2%
Fishing Ship ×10 · Archer ×9
Feudal
11:45
Castle
22:52
Imperial
—
| APM avg | 37.5 |
| APM peak | 71 |
| eAPM avg | 16.3 |
| Villagers / military | 54 / 18 |
Focus
⚔️ 30.1% · 🌾 69.9%
Galley ×14 · Fishing Ship ×5 · Fire Galley ×3 · Demolition Raft ×1
Feudal
11:37
Castle
21:51
Imperial
—
| APM avg | 57.9 |
| APM peak | 123 |
| eAPM avg | 34.2 |
| Villagers / military | 57 / 7 |
Focus
⚔️ 47.5% · 🌾 52.5%
Unknown (2550) ×29 · Unknown (2582) ×23 · Fishing Ship ×11 · Demolition Raft ×7
Feudal
12:42
Castle
20:22
Imperial
—
| APM avg | 30.0 |
| APM peak | 65 |
| eAPM avg | 16.6 |
| Villagers / military | 61 / 19 |
Focus
⚔️ 20.1% · 🌾 79.9%
Fishing Ship ×10 · Knight ×8 · Fire Galley ×7 · Demolition Raft ×2 · Spearman ×1 · Scout Cavalry ×1
Feudal
13:34
Castle
17:41
Imperial
—
| APM avg | 32.1 |
| APM peak | 60 |
| eAPM avg | 18.7 |
| Villagers / military | 47 / 0 |
Focus
⚔️ 31.2% · 🌾 68.8%
Unknown (2579) ×15 · Fishing Ship ×6
Feudal
12:20
Castle
16:16
Imperial
—
| APM avg | 33.3 |
| APM peak | 70 |
| eAPM avg | 16.4 |
| Villagers / military | 73 / 29 |
Focus
⚔️ 30.5% · 🌾 69.5%
War Wagon ×18 · Fishing Ship ×12 · Battering Ram ×9 · Fire Galley ×2
Match map
Initial resources + every placement click. Lines = walls · curves = elevation contours. ◆ gold · ⬟ stone · ● berries · ✦ relic · ◌ wall gap
Your base· Open — unwalled flank
Creisi48's base· Open — 7t gap
Shammgod's base· Open — 9t gap
Shintoras's base· Open — 15t gap
Markof's base· Open — 13t gap
Fs.Jacaré de Zorba's base· Open — unwalled flank
Smoothed initial terrain · ◌ = detected wall gap · hover for details
Inputs per minute
— Pepenosoy - - Creisi48
Build order — Pepenosoy
115 actions detected in the replay
| 0:21 | Build | Town Center |
| 0:44 | Build | Dock |
| 1:35 | Build | House |
| 1:43 | Build | House |
| 2:33 | Create | Villager (Male) |
| 2:33 | Create | Villager (Male) |
| 2:34 | Create | Villager (Male) |
| 2:34 | Create | Villager (Male) |
| 2:34 | Create | Villager (Male) |
| 3:38 | Create | Villager (Male) |
| 3:50 | Create | Fishing Ship |
| 4:19 | Build | House |
| 4:42 | Create | Fishing Ship |
| 4:48 | Research | Loom |
| 5:08 | Create | Villager (Male) |
| 5:27 | Create | Fishing Ship |
| 5:51 | Create | Villager (Male) |
| 6:06 | Create | Fishing Ship |
| 6:15 | Build | House |
| 6:28 | Create | Villager (Male) |
| 6:28 | Create | Villager (Male) |
| 6:55 | Create | Fishing Ship |
| 6:56 | Create | Villager (Male) |
| 7:17 | Build | House |
| 7:19 | Build | Palisade Wall |
| 7:24 | Create | Villager (Male) |
| 7:24 | Create | Villager (Male) |
| 7:38 | Create | Fishing Ship |
| 7:45 | Create | Villager (Male) |
| 8:10 | Create | Villager (Male) |
| 8:10 | Create | Villager (Male) |
| 8:20 | Create | Villager (Male) |
| 8:34 | Create | Fishing Ship |
| 9:00 | Create | Villager (Male) |
| 9:07 | Build | House |
| 9:18 | Create | Fishing Ship |
| 9:18 | Create | Fishing Ship |
| 9:57 | Create | Villager (Male) |
| 10:01 | Create | Fishing Ship |
| 10:17 | Build | House |
| 10:21 | Create | Villager (Male) |
| 10:45 | Create | Villager (Male) |
| 11:11 | Build | Settlement |
| 11:16 | Create | Villager (Male) |
| 11:45 | Research | Feudal Age |
| 11:45 | Research | Feudal Age |
| 12:00 | Build | House |
| 12:02 | Build | House |
| 12:04 | Build | Palisade Wall |
| 12:05 | Build | Palisade Wall |
| 12:16 | Build | Palisade Wall |
| 12:18 | Build | Palisade Wall |
| 12:24 | Build | Palisade Wall |
| 12:30 | Create | Villager (Male) |
| 12:36 | Build | Building 804 |
| 12:38 | Build | House |
| 13:39 | Build | Settlement |
| 13:53 | Build | House |
| 13:55 | Age | Feudal Age |
| 13:55 | Build | Palisade Wall |
| 13:56 | Build | Palisade Wall |
| 14:10 | Research | Double-Bit Axe |
| 14:12 | Create | Villager (Male) |
| 14:19 | Build | Dock |
| 14:27 | Research | Tech 906 |
| 14:48 | Create | Villager (Male) |
| 14:48 | Create | Villager (Male) |
| 14:49 | Create | Villager (Male) |
| 15:12 | Build | Barracks |
| 15:54 | Build | Blacksmith |
| 16:07 | Create | Villager (Male) |
| 16:08 | Create | Villager (Male) |
| 16:08 | Create | Villager (Male) |
| 16:26 | Build | Archery Range |
| 16:50 | Research | Fletching |
| 17:02 | Research | Gold Mining |
| 17:17 | Create | Villager (Male) |
| 17:18 | Create | Villager (Male) |
| 17:21 | Research | Castle Age |
| 17:23 | Create | Archer |
| 18:07 | Create | Archer |
| 19:22 | Build | Settlement |
| 19:24 | Create | Villager (Male) |
| 19:25 | Create | Villager (Male) |
| 19:35 | Create | Archer |
| 20:01 | Create | Archer |
| 20:02 | Age | Castle Age |
| 20:12 | Research | Crossbowman (upgrade) |
| 20:35 | Research | Gillnets |
| 20:43 | Research | Bow Saw |
| 20:47 | Create | Villager (Male) |
| 20:48 | Create | Villager (Male) |
| 20:53 | Create | Archer |
| 21:22 | Create | Archer |
| 21:24 | Create | Villager (Male) |
| 22:01 | Create | Villager (Male) |
| 22:02 | Create | Archer |
| 22:03 | Create | Archer |
| 22:16 | Create | Villager (Male) |
| 22:20 | Build | Archery Range |
| 22:31 | Build | Siege Workshop |
| 22:44 | Research | Padded Archer Armor |
| 22:47 | Research | Bodkin Arrow |
| 22:47 | Research | Padded Archer Armor |
| 22:52 | Create | Villager (Male) |
| 22:56 | Research | Wheelbarrow |
| 22:59 | Research | Horse Collar |
| 23:50 | Create | Villager (Male) |
| 23:51 | Create | Villager (Male) |
| 24:13 | Create | Archer |
| 25:49 | Build | Town Center |
| 26:14 | Build | Town Center |
| 26:33 | Build | Settlement |
| 26:49 | Create | Villager (Male) |
| 26:49 | Create | Villager (Male) |
Build order — Creisi48
123 actions detected in the replay
| 0:16 | Build | Dock |
| 0:22 | Build | Town Center |
| 2:28 | Build | House |
| 2:45 | Create | Villager (Male) |
| 2:46 | Create | Villager (Male) |
| 2:46 | Create | Villager (Male) |
| 2:48 | Create | Villager (Male) |
| 2:48 | Create | Villager (Male) |
| 2:52 | Create | Villager (Male) |
| 2:52 | Create | Villager (Male) |
| 4:02 | Research | Loom |
| 4:08 | Create | Fishing Ship |
| 4:16 | Create | Villager (Male) |
| 4:34 | Build | House |
| 5:08 | Create | Villager (Male) |
| 5:29 | Create | Fishing Ship |
| 5:40 | Create | Villager (Male) |
| 6:04 | Create | Villager (Male) |
| 6:04 | Create | Villager (Male) |
| 6:17 | Create | Fishing Ship |
| 6:23 | Build | House |
| 6:30 | Create | Villager (Male) |
| 6:37 | Create | Fishing Ship |
| 7:04 | Create | Villager (Male) |
| 7:13 | Build | House |
| 7:29 | Create | Villager (Male) |
| 7:29 | Create | Villager (Male) |
| 7:31 | Create | Fishing Ship |
| 7:48 | Create | Villager (Male) |
| 8:18 | Create | Villager (Male) |
| 8:25 | Build | Settlement |
| 8:32 | Create | Villager (Male) |
| 8:35 | Research | Loom |
| 8:43 | Create | Villager (Male) |
| 9:35 | Research | Feudal Age |
| 10:18 | Build | Dock |
| 11:25 | Create | Villager (Male) |
| 11:45 | Age | Feudal Age |
| 11:47 | Create | Fire Galley |
| 11:53 | Create | Galley ×3 |
| 11:55 | Create | Villager (Male) |
| 11:59 | Research | Double-Bit Axe |
| 12:36 | Create | Villager (Male) |
| 12:38 | Create | Fire Galley |
| 12:43 | Create | Galley |
| 12:53 | Create | Villager (Male) |
| 12:59 | Build | House |
| 13:04 | Build | Blacksmith |
| 13:16 | Create | Villager (Male) |
| 13:27 | Create | Galley |
| 13:28 | Create | Villager (Male) |
| 13:49 | Create | Villager (Male) |
| 13:58 | Build | House |
| 14:02 | Create | Galley |
| 14:08 | Create | Villager (Male) |
| 14:24 | Research | Fletching |
| 14:24 | Create | Villager (Male) |
| 14:29 | Build | Settlement |
| 14:40 | Create | Villager (Male) |
| 14:48 | Create | Galley |
| 14:50 | Create | Villager (Male) |
| 15:08 | Build | House |
| 15:10 | Build | House |
| 15:13 | Build | House |
| 15:18 | Build | House |
| 15:20 | Build | House |
| 15:20 | Create | Villager (Male) |
| 15:35 | Create | Galley |
| 15:42 | Create | Villager (Male) |
| 15:58 | Build | Settlement |
| 16:06 | Create | Villager (Male) |
| 16:12 | Create | Villager (Male) |
| 16:38 | Create | Galley |
| 16:38 | Create | Galley |
| 17:01 | Build | Market |
| 17:09 | Build | Farm |
| 17:39 | Create | Villager (Male) |
| 17:53 | Build | Farm |
| 17:54 | Build | Farm |
| 18:26 | Create | Villager (Male) |
| 19:00 | Create | Villager (Male) |
| 19:25 | Create | Villager (Male) |
| 19:40 | Build | Farm |
| 20:02 | Build | House |
| 20:04 | Build | Palisade Wall |
| 20:12 | Research | Castle Age |
| 20:26 | Build | House |
| 20:57 | Create | Galley ×4 |
| 21:23 | Research | Gold Mining |
| 22:15 | Research | Horse Collar |
| 22:21 | Create | Fire Galley |
| 22:28 | Create | Demolition Raft |
| 22:42 | Create | Villager (Male) |
| 22:52 | Age | Castle Age |
| 22:57 | Research | Bow Saw |
| 22:57 | Research | Bow Saw |
| 23:15 | Create | Villager (Male) |
| 23:22 | Build | Town Center |
| 23:28 | Build | Farm |
| 23:46 | Research | War Galley (upgrade) |
| 24:10 | Create | Villager (Male) |
| 24:49 | Create | Villager (Male) |
| 24:49 | Create | Villager (Male) |
| 25:27 | Create | Villager (Male) |
| 25:33 | Create | Villager (Male) |
| 25:39 | Build | Castle |
| 25:40 | Create | Villager (Male) |
| 26:03 | Create | Villager (Male) |
| 26:03 | Create | Villager (Male) |
| 26:15 | Build | Town Center |
| 26:19 | Create | Villager (Male) |
| 26:19 | Create | Villager (Male) |
| 26:20 | Create | Villager (Male) |
| 26:25 | Build | Settlement |
| 26:38 | Build | Farm |
| 26:38 | Build | Farm |
| 26:38 | Build | Farm |
| 26:39 | Build | Farm |
| 26:39 | Build | Farm |
| 26:39 | Build | Farm |
| 26:50 | Build | Settlement |
| 26:54 | Create | Villager (Male) |
| 26:54 | Create | Villager (Male) |
Build order — Shammgod
First 150 of 179 actions detected
| 0:08 | Build | Town Center |
| 0:54 | Build | Dock |
| 1:00 | Build | House |
| 2:29 | Create | Villager (Male) |
| 2:30 | Create | Villager (Male) |
| 2:30 | Create | Villager (Male) |
| 2:30 | Create | Villager (Male) |
| 2:30 | Create | Villager (Male) |
| 3:11 | Create | Fishing Ship |
| 3:11 | Create | Fishing Ship |
| 3:17 | Create | Villager (Male) |
| 3:17 | Create | Villager (Male) |
| 4:01 | Build | House |
| 4:23 | Create | Fishing Ship |
| 4:23 | Create | Fishing Ship |
| 4:38 | Research | Loom |
| 4:57 | Create | Villager (Male) |
| 5:15 | Create | Fishing Ship |
| 5:28 | Create | Villager (Male) |
| 5:28 | Create | Villager (Male) |
| 5:47 | Create | Villager (Male) |
| 5:48 | Create | Villager (Male) |
| 5:48 | Create | Villager (Male) |
| 6:11 | Create | Villager (Male) |
| 6:11 | Create | Villager (Male) |
| 6:15 | Build | House |
| 6:41 | Create | Villager (Male) |
| 6:41 | Create | Villager (Male) |
| 6:44 | Create | Fishing Ship |
| 6:44 | Create | Fishing Ship |
| 7:07 | Create | Villager (Male) |
| 7:07 | Create | Villager (Male) |
| 7:22 | Create | Villager (Male) |
| 7:22 | Create | Villager (Male) |
| 7:22 | Create | Villager (Male) |
| 7:22 | Create | Villager (Male) |
| 7:22 | Create | Villager (Male) |
| 7:48 | Build | Palisade Gate |
| 7:59 | Build | Building 796 |
| 8:03 | Build | House |
| 8:03 | Create | Villager (Male) |
| 8:08 | Build | House |
| 8:12 | Build | House |
| 8:30 | Create | Villager (Male) |
| 8:43 | Build | Settlement |
| 8:56 | Create | Villager (Male) |
| 9:27 | Research | Feudal Age |
| 9:55 | Build | Barracks |
| 10:41 | Create | Unit 2550 |
| 10:41 | Create | Unit 2550 |
| 10:41 | Create | Unit 2550 |
| 10:42 | Create | Unit 2550 |
| 10:42 | Create | Unit 2550 |
| 10:56 | Build | Settlement |
| 11:37 | Age | Feudal Age |
| 11:42 | Research | Double-Bit Axe |
| 11:42 | Research | Double-Bit Axe |
| 11:52 | Create | Villager (Male) |
| 11:52 | Create | Villager (Male) |
| 11:52 | Create | Villager (Male) |
| 11:52 | Create | Villager (Male) |
| 11:52 | Create | Villager (Male) |
| 11:53 | Create | Villager (Male) |
| 12:13 | Create | Villager (Male) |
| 12:18 | Build | Watch Tower |
| 12:39 | Research | Tech 1402 |
| 12:54 | Research | Arson |
| 12:55 | Create | Villager (Male) |
| 13:10 | Build | House |
| 13:30 | Create | Villager (Male) |
| 13:32 | Build | Palisade Wall |
| 13:33 | Build | Palisade Wall |
| 13:34 | Build | Palisade Wall |
| 13:35 | Build | Palisade Wall |
| 13:41 | Create | Demolition Raft |
| 13:42 | Build | Farm |
| 13:42 | Build | Farm |
| 13:42 | Build | Farm |
| 13:43 | Build | Farm |
| 13:48 | Create | Demolition Raft |
| 13:49 | Create | Demolition Raft |
| 13:52 | Create | Fishing Ship |
| 13:52 | Create | Fishing Ship |
| 14:01 | Create | Villager (Male) |
| 14:24 | Create | Villager (Male) |
| 14:35 | Create | Villager (Male) |
| 14:41 | Create | Villager (Male) |
| 14:50 | Build | Outpost |
| 14:58 | Create | Unit 2550 |
| 14:58 | Create | Unit 2550 |
| 15:33 | Build | Watch Tower |
| 15:34 | Create | Villager (Male) |
| 15:48 | Create | Villager (Male) |
| 15:56 | Create | Demolition Raft |
| 15:57 | Create | Demolition Raft |
| 16:00 | Create | Demolition Raft |
| 16:00 | Create | Demolition Raft |
| 16:03 | Create | Fishing Ship |
| 16:03 | Create | Fishing Ship |
| 16:10 | Create | Unit 2550 |
| 16:13 | Create | Villager (Male) |
| 16:35 | Build | Market |
| 16:41 | Create | Villager (Male) |
| 16:48 | Create | Unit 2550 |
| 17:21 | Create | Villager (Male) |
| 17:28 | Create | Unit 2550 |
| 17:37 | Build | House |
| 17:39 | Build | Palisade Wall |
| 18:00 | Create | Villager (Male) |
| 18:30 | Create | Villager (Male) |
| 18:32 | Build | Blacksmith |
| 19:11 | Research | Castle Age |
| 19:11 | Research | Castle Age |
| 19:20 | Build | House |
| 19:24 | Build | House |
| 19:28 | Create | Unit 2550 |
| 19:29 | Create | Villager (Male) |
| 19:31 | Build | Barracks |
| 19:47 | Research | Forging |
| 19:48 | Research | Scale Mail Armor |
| 20:16 | Create | Unit 2550 |
| 20:16 | Create | Unit 2550 |
| 20:27 | Research | Gold Mining |
| 20:28 | Research | Gold Mining |
| 20:30 | Research | Horse Collar |
| 20:30 | Research | Horse Collar |
| 20:33 | Build | Dock |
| 20:38 | Create | Unit 2550 |
| 20:39 | Create | Unit 2550 |
| 21:19 | Create | Unit 2550 |
| 21:19 | Create | Unit 2550 |
| 21:27 | Create | Villager (Male) |
| 21:51 | Age | Castle Age |
| 21:57 | Research | Squires |
| 21:57 | Research | Squires |
| 21:57 | Research | Squires |
| 22:02 | Research | Tech 1351 |
| 22:02 | Research | Tech 1351 |
| 22:02 | Create | Unit 2550 |
| 22:03 | Create | Unit 2550 |
| 22:04 | Create | Villager (Male) |
| 22:11 | Research | Chain Mail Armor |
| 22:12 | Create | Villager (Male) |
| 22:30 | Create | Unit 2582 |
| 22:30 | Create | Unit 2582 |
| 22:34 | Create | Villager (Male) |
| 22:37 | Build | Farm |
| 22:38 | Build | Farm |
| 22:38 | Build | Farm |
| 22:42 | Build | Farm |
Build order — Shintoras
First 150 of 151 actions detected
| 0:18 | Build | Town Center |
| 2:16 | Build | House |
| 2:32 | Create | Villager (Male) ×5 |
| 2:57 | Build | Dock |
| 3:36 | Build | House |
| 3:39 | Create | Fishing Ship |
| 4:32 | Create | Fishing Ship |
| 4:41 | Research | Loom |
| 4:41 | Research | Loom |
| 5:14 | Build | House |
| 5:17 | Create | Villager (Male) |
| 5:21 | Create | Fishing Ship |
| 5:21 | Create | Fishing Ship |
| 5:41 | Create | Villager (Male) |
| 5:41 | Create | Villager (Male) |
| 5:41 | Create | Villager (Male) |
| 6:08 | Create | Villager (Male) |
| 6:09 | Create | Fishing Ship |
| 6:39 | Create | Villager (Male) |
| 6:39 | Create | Villager (Male) |
| 6:46 | Build | House |
| 6:54 | Create | Villager (Male) |
| 6:54 | Create | Villager (Male) |
| 6:55 | Create | Villager (Male) |
| 7:21 | Create | Villager (Male) |
| 7:21 | Create | Villager (Male) |
| 7:22 | Create | Fishing Ship |
| 7:36 | Create | Villager (Male) |
| 7:59 | Build | Lumber Camp |
| 8:09 | Create | Villager (Male) |
| 8:09 | Create | Villager (Male) |
| 8:09 | Create | Villager (Male) |
| 8:34 | Create | Fishing Ship |
| 8:56 | Create | Villager (Male) |
| 8:56 | Create | Villager (Male) |
| 8:56 | Create | Villager (Male) |
| 9:17 | Create | Fishing Ship |
| 9:22 | Build | House |
| 9:50 | Build | House |
| 9:52 | Build | House |
| 10:10 | Create | Fishing Ship |
| 10:31 | Research | Feudal Age |
| 10:31 | Research | Feudal Age |
| 10:54 | Create | Villager (Male) |
| 10:54 | Create | Villager (Male) |
| 11:00 | Create | Fishing Ship |
| 11:05 | Build | House |
| 11:07 | Build | Palisade Wall |
| 11:53 | Build | Dock |
| 12:29 | Create | Villager (Male) |
| 12:42 | Age | Feudal Age |
| 12:48 | Research | Double-Bit Axe |
| 12:51 | Create | Fire Galley |
| 12:52 | Create | Fire Galley |
| 13:08 | Build | Palisade Wall |
| 13:09 | Build | Palisade Wall |
| 13:30 | Build | Blacksmith |
| 13:36 | Create | Fire Galley |
| 13:37 | Create | Fire Galley |
| 13:49 | Create | Fire Galley |
| 14:02 | Create | Villager (Male) |
| 14:02 | Create | Villager (Male) |
| 14:33 | Create | Fire Galley |
| 14:34 | Create | Fire Galley |
| 14:50 | Create | Villager (Male) |
| 14:50 | Create | Villager (Male) |
| 14:59 | Build | Blacksmith |
| 15:09 | Build | Barracks |
| 15:41 | Research | Wheelbarrow |
| 15:43 | Create | Villager (Male) |
| 16:01 | Create | Demolition Raft |
| 16:01 | Create | Demolition Raft |
| 16:11 | Build | Mill |
| 16:37 | Build | Blacksmith |
| 16:44 | Build | Stable |
| 17:16 | Create | Villager (Male) |
| 17:26 | Build | House |
| 17:27 | Build | House |
| 17:29 | Build | House |
| 17:57 | Research | Castle Age |
| 18:04 | Build | Palisade Gate |
| 18:06 | Create | Scout Cavalry |
| 18:09 | Create | Spearman |
| 18:58 | Build | Stable |
| 19:17 | Build | Stable |
| 20:15 | Create | Villager (Male) |
| 20:16 | Create | Villager (Male) |
| 20:20 | Research | Scale Barding Armor |
| 20:22 | Research | Forging |
| 20:22 | Age | Castle Age |
| 20:24 | Create | Knight |
| 20:25 | Create | Knight |
| 20:43 | Build | Town Center |
| 20:51 | Research | War Galley (upgrade) |
| 20:54 | Research | Bow Saw |
| 20:54 | Research | Bow Saw |
| 21:11 | Build | Mining Camp |
| 21:23 | Research | Tech 906 |
| 21:42 | Research | Hand Cart |
| 21:42 | Research | Hand Cart |
| 21:43 | Create | Villager (Male) |
| 21:44 | Create | Villager (Male) |
| 21:52 | Create | Knight |
| 21:52 | Create | Knight |
| 22:04 | Create | Villager (Male) |
| 22:04 | Create | Villager (Male) |
| 22:23 | Research | Town Watch |
| 22:29 | Research | Gold Mining |
| 22:29 | Research | Gold Mining |
| 22:34 | Research | Chain Barding Armor |
| 22:34 | Research | Chain Barding Armor |
| 22:46 | Create | Knight |
| 22:46 | Create | Knight |
| 23:06 | Create | Villager (Male) |
| 23:06 | Create | Villager (Male) |
| 23:08 | Create | Villager (Male) |
| 23:09 | Create | Villager (Male) |
| 23:39 | Build | Dock |
| 24:10 | Create | Villager (Male) |
| 24:10 | Create | Villager (Male) |
| 24:16 | Build | Town Center |
| 24:36 | Create | Villager (Male) |
| 24:36 | Create | Villager (Male) |
| 24:37 | Create | Villager (Male) |
| 24:37 | Create | Villager (Male) |
| 24:49 | Research | Horse Collar |
| 24:50 | Research | Horse Collar |
| 25:11 | Create | Knight |
| 25:11 | Create | Knight |
| 25:14 | Research | Bloodlines |
| 25:36 | Build | Farm |
| 25:37 | Build | Farm |
| 25:38 | Build | Farm |
| 25:41 | Build | Farm |
| 25:43 | Create | Villager (Male) |
| 25:43 | Create | Villager (Male) |
| 25:46 | Create | Villager (Male) |
| 25:46 | Create | Villager (Male) |
| 26:19 | Create | Villager (Male) |
| 26:19 | Create | Villager (Male) |
| 26:25 | Build | Farm |
| 26:26 | Build | Farm |
| 26:27 | Build | Farm |
| 26:27 | Build | Farm |
| 26:28 | Build | Farm |
| 26:56 | Create | Villager (Male) |
| 26:56 | Create | Villager (Male) |
| 26:57 | Create | Villager (Male) |
| 26:57 | Create | Villager (Male) |
| 26:58 | Create | Villager (Male) |
Build order — Markof
123 actions detected in the replay
| 0:14 | Build | Town Center |
| 1:24 | Build | Dock |
| 1:26 | Build | House |
| 2:38 | Create | Villager (Male) |
| 2:38 | Create | Villager (Male) |
| 3:10 | Create | Villager (Male) |
| 3:15 | Create | Villager (Male) |
| 3:37 | Create | Villager (Male) |
| 3:41 | Create | Fishing Ship |
| 4:13 | Create | Fishing Ship |
| 4:46 | Create | Villager (Male) |
| 4:50 | Research | Loom |
| 4:57 | Build | House |
| 5:15 | Create | Villager (Male) |
| 5:23 | Create | Villager (Male) |
| 5:45 | Create | Villager (Male) |
| 5:58 | Create | Villager (Male) |
| 6:07 | Create | Fishing Ship |
| 6:08 | Create | Fishing Ship |
| 6:30 | Build | House |
| 6:42 | Create | Villager (Male) |
| 7:00 | Create | Villager (Male) |
| 7:23 | Create | Villager (Male) |
| 7:34 | Create | Fishing Ship |
| 7:35 | Create | Villager (Male) |
| 7:49 | Create | Villager (Male) |
| 7:58 | Create | Villager (Male) |
| 8:33 | Build | House |
| 9:10 | Build | Settlement |
| 9:20 | Create | Villager (Male) |
| 9:58 | Create | Fishing Ship |
| 10:09 | Create | Villager (Male) |
| 10:11 | Create | Villager (Male) |
| 10:29 | Build | Settlement |
| 10:42 | Create | Villager (Male) |
| 11:10 | Research | Feudal Age |
| 11:53 | Build | Outpost |
| 12:03 | Create | Villager (Male) |
| 12:03 | Create | Villager (Male) |
| 12:31 | Build | Outpost |
| 13:14 | Build | Outpost |
| 13:34 | Age | Feudal Age |
| 13:37 | Research | Town Watch |
| 13:40 | Build | Blacksmith |
| 14:07 | Build | Market |
| 14:28 | Build | House |
| 14:36 | Create | Villager (Male) |
| 14:46 | Build | Outpost |
| 14:57 | Research | Castle Age |
| 15:04 | Build | Settlement |
| 15:33 | Build | Outpost |
| 15:34 | Create | Villager (Male) |
| 15:53 | Build | Outpost |
| 16:03 | Build | Outpost |
| 16:19 | Build | Outpost |
| 16:39 | Create | Villager (Male) |
| 16:56 | Build | Settlement |
| 17:04 | Research | Double-Bit Axe |
| 17:28 | Build | Outpost |
| 17:38 | Create | Villager (Male) |
| 17:39 | Create | Villager (Male) |
| 17:41 | Age | Castle Age |
| 18:11 | Build | Castle |
| 18:29 | Build | Settlement |
| 18:32 | Create | Villager (Male) |
| 19:13 | Create | Villager (Male) |
| 19:24 | Build | Settlement |
| 19:35 | Create | Unit 2579 |
| 19:39 | Create | Villager (Male) |
| 19:56 | Research | Fletching |
| 20:02 | Build | Palisade Wall |
| 20:05 | Build | Palisade Wall |
| 20:16 | Build | Palisade Wall |
| 20:18 | Create | Villager (Male) |
| 20:21 | Create | Unit 2579 |
| 20:37 | Create | Villager (Male) |
| 20:51 | Build | Settlement |
| 20:56 | Create | Villager (Male) |
| 21:05 | Build | Farm |
| 21:06 | Build | Farm |
| 21:10 | Research | Horse Collar |
| 21:11 | Create | Villager (Male) |
| 21:13 | Create | Unit 2579 |
| 21:21 | Build | Settlement |
| 21:31 | Create | Villager (Male) |
| 21:39 | Build | Outpost |
| 21:47 | Create | Unit 2579 |
| 21:49 | Create | Villager (Male) |
| 22:25 | Research | Bodkin Arrow |
| 22:49 | Create | Unit 2579 |
| 22:55 | Build | House |
| 22:56 | Build | House |
| 23:10 | Create | Villager (Male) |
| 23:22 | Create | Unit 2579 |
| 23:23 | Create | Unit 2579 |
| 23:23 | Create | Unit 2579 |
| 23:27 | Research | Padded Archer Armor |
| 23:28 | Create | Villager (Male) |
| 23:33 | Build | Farm |
| 23:35 | Build | Farm |
| 23:36 | Create | Villager (Male) |
| 23:40 | Create | Unit 2579 |
| 23:55 | Create | Villager (Male) |
| 24:22 | Create | Villager (Male) |
| 24:25 | Create | Unit 2579 |
| 24:39 | Create | Villager (Male) |
| 24:42 | Build | Settlement |
| 24:43 | Create | Villager (Male) |
| 24:48 | Create | Unit 2579 |
| 25:06 | Create | Villager (Male) |
| 25:10 | Build | Farm |
| 25:11 | Build | Farm |
| 25:12 | Build | Farm |
| 25:44 | Create | Unit 2579 |
| 25:45 | Create | Unit 2579 |
| 25:49 | Create | Unit 2579 |
| 25:53 | Create | Villager (Male) |
| 26:01 | Create | Unit 2579 |
| 26:06 | Build | House |
| 26:10 | Build | Palisade Wall |
| 26:36 | Create | Villager (Male) |
| 26:42 | Build | Watch Tower |
| 26:43 | Create | Villager (Male) |
Build order — Fs.Jacaré de Zorba
145 actions detected in the replay
| 0:11 | Build | Town Center |
| 1:23 | Build | Dock |
| 2:10 | Build | House |
| 2:30 | Create | Villager (Male) |
| 2:30 | Create | Villager (Male) |
| 2:31 | Create | Villager (Male) |
| 2:31 | Create | Villager (Male) |
| 2:31 | Create | Villager (Male) |
| 3:46 | Create | Fishing Ship |
| 3:47 | Create | Fishing Ship |
| 4:05 | Create | Villager (Male) |
| 4:05 | Create | Villager (Male) |
| 4:29 | Build | House |
| 4:39 | Research | Loom |
| 4:58 | Create | Villager (Male) |
| 4:58 | Create | Villager (Male) |
| 5:10 | Create | Fishing Ship |
| 5:11 | Create | Fishing Ship |
| 5:25 | Create | Villager (Male) |
| 5:25 | Create | Villager (Male) |
| 5:53 | Create | Villager (Male) |
| 5:54 | Create | Villager (Male) |
| 5:56 | Create | Fishing Ship |
| 5:56 | Create | Fishing Ship |
| 6:14 | Build | House |
| 6:23 | Build | House |
| 6:28 | Create | Villager (Male) |
| 6:28 | Create | Villager (Male) |
| 6:50 | Create | Fishing Ship |
| 6:50 | Create | Fishing Ship |
| 6:52 | Create | Villager (Male) |
| 6:53 | Create | Villager (Male) |
| 7:25 | Build | House |
| 7:26 | Create | Villager (Male) |
| 7:27 | Create | Villager (Male) |
| 7:45 | Create | Villager (Male) ×3 |
| 7:45 | Create | Villager (Male) ×3 |
| 7:47 | Create | Fishing Ship |
| 7:48 | Create | Fishing Ship |
| 8:18 | Create | Villager (Male) ×2 |
| 8:18 | Create | Villager (Male) ×2 |
| 8:21 | Create | Fishing Ship |
| 8:21 | Create | Fishing Ship |
| 8:38 | Create | Villager (Male) |
| 8:38 | Create | Villager (Male) |
| 9:15 | Build | Mill |
| 9:23 | Build | House |
| 9:38 | Build | House |
| 10:10 | Research | Feudal Age |
| 10:11 | Research | Feudal Age |
| 10:21 | Build | Mining Camp |
| 11:22 | Build | House |
| 11:27 | Build | House |
| 11:44 | Create | Villager (Male) |
| 11:45 | Create | Villager (Male) |
| 11:45 | Create | Villager (Male) |
| 12:20 | Age | Feudal Age |
| 12:24 | Build | Market |
| 12:54 | Build | Blacksmith |
| 13:27 | Create | Fire Galley |
| 13:36 | Research | Castle Age |
| 13:37 | Research | Castle Age |
| 14:11 | Build | Mining Camp |
| 15:17 | Create | Fire Galley |
| 15:28 | Build | House |
| 15:48 | Create | Villager (Male) |
| 15:48 | Create | Villager (Male) |
| 15:48 | Create | Villager (Male) |
| 16:16 | Age | Castle Age |
| 16:25 | Build | Palisade Wall |
| 16:28 | Build | Palisade Wall |
| 17:17 | Build | House |
| 17:18 | Build | House |
| 17:19 | Build | House |
| 17:21 | Build | House |
| 17:22 | Build | House |
| 17:27 | Build | House |
| 17:28 | Build | House |
| 17:30 | Build | House |
| 17:32 | Build | Palisade Wall |
| 17:33 | Create | Villager (Male) |
| 17:33 | Create | Villager (Male) |
| 17:34 | Create | Villager (Male) |
| 18:01 | Build | Castle |
| 18:28 | Create | Villager (Male) |
| 18:29 | Create | Villager (Male) |
| 18:29 | Create | Villager (Male) |
| 18:53 | Research | Fletching |
| 18:53 | Research | Fletching |
| 19:15 | Build | Town Center |
| 19:41 | Build | Palisade Wall |
| 19:47 | Create | Villager (Male) |
| 19:47 | Create | Villager (Male) |
| 19:47 | Create | Villager (Male) |
| 20:05 | Create | Villager (Male) ×4 |
| 20:06 | Create | Villager (Male) ×4 |
| 21:00 | Build | Siege Workshop |
| 21:04 | Create | Villager (Male) |
| 21:04 | Create | Villager (Male) |
| 21:12 | Build | Mining Camp |
| 21:42 | Create | Villager (Male) |
| 21:43 | Create | Villager (Male) |
| 21:47 | Create | Battering Ram |
| 21:47 | Create | Battering Ram |
| 21:51 | Create | Villager (Male) |
| 21:51 | Create | Villager (Male) |
| 21:59 | Build | Mining Camp |
| 22:29 | Build | Lumber Camp |
| 22:41 | Create | War Wagon |
| 22:41 | Create | War Wagon |
| 22:41 | Create | War Wagon |
| 22:57 | Create | Villager (Male) ×2 |
| 22:57 | Create | Villager (Male) ×2 |
| 23:06 | Create | Villager (Male) |
| 23:06 | Create | Villager (Male) |
| 23:22 | Create | Battering Ram |
| 23:22 | Create | Battering Ram |
| 23:32 | Build | Lumber Camp |
| 23:42 | Create | Villager (Male) |
| 23:42 | Create | Villager (Male) |
| 23:54 | Create | War Wagon |
| 23:54 | Create | War Wagon |
| 24:06 | Create | Villager (Male) |
| 24:06 | Create | Villager (Male) |
| 24:16 | Create | Battering Ram |
| 24:16 | Create | Battering Ram |
| 24:45 | Create | War Wagon |
| 24:45 | Create | War Wagon |
| 24:46 | Create | War Wagon |
| 24:55 | Create | Villager (Male) |
| 25:07 | Create | War Wagon |
| 25:07 | Create | War Wagon |
| 25:07 | Create | War Wagon |
| 25:30 | Create | Villager (Male) |
| 25:30 | Create | Villager (Male) |
| 25:54 | Create | War Wagon |
| 25:55 | Create | War Wagon |
| 25:55 | Create | War Wagon |
| 26:36 | Create | Battering Ram |
| 26:36 | Create | Battering Ram |
| 26:36 | Create | Battering Ram |
| 26:46 | Create | War Wagon |
| 26:47 | Create | War Wagon |
| 27:00 | Create | War Wagon |
| 27:01 | Create | War Wagon |
Match timeline
| 0:16 | Creisi48 · first_building Dock |
| 0:44 | Pepenosoy · first_building Dock |
| 0:54 | Shammgod · first_building Dock |
| 1:23 | Fs.Jacaré de Zorba · first_building Dock |
| 1:24 | Markof · first_building Dock |
| 2:57 | Shintoras · first_building Dock |
| 7:19 | Pepenosoy · wall_segment Palisade Wall x1 |
| 9:55 | Shammgod · first_building Barracks |
| 11:07 | Shintoras · wall_segment Palisade Wall x4 |
| 11:37 | Shammgod · age_up feudal |
| 11:45 | Creisi48 · age_up feudal |
| 12:04 | Pepenosoy · wall_segment Palisade Wall x1 |
| 12:05 | Pepenosoy · wall_segment Palisade Wall x1 |
| 12:16 | Pepenosoy · wall_segment Palisade Wall x1 |
| 12:18 | Pepenosoy · wall_segment Palisade Wall x1 |
| 12:20 | Fs.Jacaré de Zorba · age_up feudal |
| 12:24 | Pepenosoy · wall_segment Palisade Wall x1 |
| 12:42 | Shintoras · age_up feudal |
| 13:08 | Shintoras · wall_segment Palisade Wall x1 |
| 13:09 | Shintoras · wall_segment Palisade Wall x1 |
| 13:32 | Shammgod · wall_segment Palisade Wall x1 |
| 13:33 | Shammgod · wall_segment Palisade Wall x1 |
| 13:34 | Markof · age_up feudal |
| 13:34 | Shammgod · wall_segment Palisade Wall x1 |
| 13:35 | Shammgod · wall_segment Palisade Wall x1 |
| 13:55 | Pepenosoy · age_up feudal |
| 13:55 | Pepenosoy · wall_segment Palisade Wall x1 |
| 13:56 | Pepenosoy · wall_segment Palisade Wall x1 |
| 15:09 | Shintoras · first_building Barracks |
| 15:12 | Pepenosoy · first_building Barracks |
| 16:16 | Fs.Jacaré de Zorba · age_up castle |
| 16:25 | Fs.Jacaré de Zorba · wall_segment Palisade Wall x1 |
| 16:26 | Pepenosoy · first_building Archery Range |
| 16:28 | Fs.Jacaré de Zorba · wall_segment Palisade Wall x1 |
| 16:44 | Shintoras · first_building Stable |
| 17:32 | Fs.Jacaré de Zorba · wall_segment Palisade Wall x1 |
| 17:37 | Markof · first_market_buy 100 food |
| 17:39 | Shammgod · wall_segment Palisade Wall x1 |
| 17:41 | Markof · age_up castle |
| 18:01 | Fs.Jacaré de Zorba · first_building Castle |
| 18:02 | Shammgod · first_market_sell 100 wood |
| 18:03 | Shammgod · first_market_buy 100 food |
| 18:11 | Markof · first_building Castle |
| 18:28 | Creisi48 · first_market_sell 500 wood |
| 18:34 | Creisi48 · first_market_buy 100 food |
| 19:41 | Fs.Jacaré de Zorba · wall_segment Palisade Wall x1 |
| 19:49 | Markof · first_market_sell 100 stone |
| 20:02 | Markof · wall_segment Palisade Wall x1 |
| 20:02 | Pepenosoy · age_up castle |
| 20:04 | Creisi48 · wall_segment Palisade Wall x1 |
| 20:05 | Markof · wall_segment Palisade Wall x1 |
| 20:16 | Markof · wall_segment Palisade Wall x1 |
| 20:22 | Shintoras · age_up castle |
| 21:00 | Fs.Jacaré de Zorba · first_building Siege Workshop |
| 21:51 | Shammgod · age_up castle |
| 22:31 | Pepenosoy · first_building Siege Workshop |
| 22:52 | Creisi48 · age_up castle |
| 23:20 | Fs.Jacaré de Zorba · first_market_buy 100 wood |
| 25:32 | Creisi48 · tribute_sent a jugador 2 |
| 25:32 | Creisi48 · tribute_sent a jugador 3 |
| 25:32 | Creisi48 · tribute_sent a jugador 4 |
| 25:32 | Creisi48 · tribute_sent a jugador 5 |
| 25:32 | Creisi48 · tribute_sent a jugador 6 |
| 25:39 | Creisi48 · first_building Castle |
| 25:56 | Shammgod · first_building Siege Workshop |
| 26:10 | Markof · wall_segment Palisade Wall x1 |
| 26:59 | Markof · resign |
[ AI ANALYSIS · 1 CREDIT ]
What really happened in this match?
Wolo.gg analyzes every decision: build order, eco, micro, common mistakes by bracket. Personalized analysis on WhatsApp or Discord in 30 seconds.
Civ guide
Muisca
Perfil
Jugador #369369